 Dungeon Crawl Stone Soup version 0.24.0-37-gcf1ca852f1 (webtiles) character file.

Game seed: 11620847551125444878, levelgen mode: deterministic

32839 Froggeryz the Bludgeoner (level 13, -5/83 HPs)
             Began as a Gargoyle Monk on Dec 6, 2019.
             Was the Champion of Okawaru.
             Slain by a fire elemental (9 damage)
             ... in a volcano on Dec 7, 2019.
             The game lasted 00:27:03 (15128 turns).

Froggeryz the Bludgeoner (Gargoyle Monk)           Turns: 15128, Time: 00:27:04

Health: -5/83      AC: 20    Str: 20      XL:     13   Next: 67%
Magic:  13/13      EV: 14    Int:  9 (11) God:    Okawaru [******]
Gold:   836        SH:  0    Dex: 12      Spells: 12/12 levels left

rFire    . . .     SeeInvis +   M - +3 flail (freeze)
rCold    + + +     Gourm    +   (no shield)
rNeg     + . .     Faith    .   y - +4 skin of Zhor {Hibernate rC+++ SInv}
rPois    ∞         Spirit   .   (no helmet)
rElec    +         Reflect  .   n - scarf {repulsion}
rCorr    +         Harm     .   H - +1 pair of gloves
MR       .....                  e - +0 pair of boots
Stlth    ++........             A - amulet of the gourmand
HPRegen  0.23/turn              D - ring of resist corrosion
MPRegen  0.13/turn              F - +3 ring of slaying

@: flying, repel missiles
A: negative energy resistance 1, electricity resistance, unbreathing,
petrification resistance, rot immunity, AC +9
a: Heroism, Finesse, Renounce Religion


You were in a volcano.
You worshipped Okawaru.
Okawaru was exalted by your worship.
You were very full.

You visited 3 branches of the dungeon, and saw 14 of its levels.
You also visited: Sewer, Ice Cave and Volcano.

You collected 950 gold pieces.
You spent 114 gold pieces at shops.

Inventory:

Hand Weapons
 v - a +2 great mace of holy wrath
 E - a +1 great mace of crushing
 G - a +1 flail of protection
 M - a +3 flail of freezing (weapon)
Missiles
 d - 11 poisoned darts (quivered)
 O - 3 throwing nets
 R - 2 curare-tipped darts
Armour
 a - the +2 leather armour "Ados" {rElec rF+}
   (You found it on level 5 of the Dungeon)

   It protects you from fire.
   It insulates you from electricity.
 e - a +0 pair of boots (worn)
 n - a scarf of repulsion (worn)
 y - the +4 skin of Zhor (worn) {Hibernate rC+++ SInv}
   (You found it on level 4 of the Dungeon)

   It renders you almost immune to cold.
   It lets you see invisible.
 H - a +1 pair of gloves (worn)
Jewellery
 b - an uncursed ring of protection from cold
 s - an uncursed ring of protection from fire
 u - an uncursed ring of stealth
 A - an amulet of the gourmand (around neck)
 D - a ring of resist corrosion (left hand)
 F - a +3 ring of slaying (right hand)
 N - an uncursed ring of wizardry
 P - an uncursed ring of protection from cold
 Q - an uncursed amulet of rage
Wands
 k - a wand of iceblast (3)
 x - a wand of paralysis (2)
 z - a wand of flame (29)
 I - a wand of random effects (18)
 L - a wand of digging (10)
 S - a wand of disintegration (14)
Scrolls
 f - a scroll of amnesia
 g - 14 scrolls of identify
 h - 6 scrolls of remove curse
 m - a scroll of fear
 q - 5 scrolls of magic mapping
 t - a scroll of fog
 w - 5 scrolls of teleportation
 J - a scroll of acquirement {unknown}
Potions
 j - 4 potions of lignification
 l - a potion of invisibility {unknown}
 o - a potion of haste
 p - 2 potions of brilliance
 r - 2 potions of resistance
 B - 3 potions of flight
 K - a potion of might
 T - a potion of magic
Comestibles
 c - 30 rations


   Skills:
 + Level 10.5 Fighting
 - Level 18.0 Maces & Flails
 - Level 8.1 Armour
 + Level 5.1 Dodging
 - Level 2.1 Stealth


You had 12 spell levels left.
You didn't know any spells.
Your spell library contained the following spells:

 Spells                   Type           Power        Failure   Level  Hunger
 Animate Skeleton         Necr           N/A          38%         1    ##.....
 Apportation              Tloc           #.....       38%         1    ##.....
 Confusing Touch          Hex            #.....       38%         1    ##.....
 Magic Dart               Conj           #...         38%         1    ##.....
 Summon Small Mammal      Summ           #...         38%         1    ##.....
 Searing Ray              Conj           #.....       52%         2    ###....
 Dazzling Spray           Conj/Hex       #.....       77%         3    ####...
 Force Lance              Conj/Tloc      #.......     99%         4    #####..
 Fulminant Prism          Conj/Hex       #.........   99%         4    #####..
 Ice Form                 Ice/Tmut       #.......     99%         4    #####..
 Iskenderun's Mystic Bla  Conj           #.......     99%         4    #####..
 Metabolic Englaciation   Hex/Ice        #.........   100%        5    ######.
 Bolt of Cold             Conj/Ice       #.........   100%        6    #######
 Freezing Cloud           Conj/Ice/Air   #.........   100%        6    #######
 Ozocubu's Refrigeration  Ice            #.........   100%        6    #######
 Simulacrum               Ice/Necr       #.........   100%        6    #######


Dungeon Overview and Level Annotations

Branches:
Dungeon (11/15)            Temple (1/1) D:7            Lair (2/6) D:11
  Snake (0/4) Lair:2        Sewer (visited)           IceCv (visited)
Volcano (1/1)
  Swamp: Lair:2-4    Shoals: Lair:2-4       Orc: D:9-12

Altars:
Ashenzari
Elyvilon
Fedhas
Kikubaaqudgha
Nemelex Xobeh
Okawaru
Ru
Sif Muna
Wu Jian
Xom
Yredelemnul
Zin
The Shining One

Shops:
D:5 *   D:9 *

Annotations:
Lair:2 exclusion: 3 oklob plants


Innate Abilities, Weirdness & Mutations

You are resistant to torment.
Your stone body is resilient. (AC +9)
You are immune to poison.
You resist negative energy. (rN+)
You are resistant to electric shocks. (rElec)
You can survive without breathing.
You are immune to petrification.
You are immune to rotting.


Message History

There is an open door here.
You hit the fire elemental. You freeze the fire elemental.
The fire elemental is lightly damaged.
The fire elemental misses you.
You feel much better. The fire elemental hits you.
The fire elemental burns you!
You closely miss the fire elemental.
The fire elemental is lightly damaged.
The fire elemental hits you. The fire elemental burns you!
You feel very buoyant.
You fly up into the air.
The fire elemental hits you. The fire elemental burns you!
Unknown command.
Really fly into that cloud of flame?
You are engulfed in blazing flames.
* * * LOW HITPOINT WARNING * * *
The fire elemental hits you.
* * * LOW HITPOINT WARNING * * *
The fire elemental burns you!
You die...

#°°## °°°°# #### ####
#°°≈.# ##..## #°°##
#°≈≈°°○ ##≈...###.≈°##
.°R°°☼.
#○○....#.§≈≈.###.≈°○°≈≈
#≈≈.∩..)≈≈≈≈≈°°#E○E≈≈≈≈
#≈≈≈..##≈°≈≈≈≈@E#
#≈≈≈...#≈≈°≈≈####
#≈≈...###°#≈##
#≈≈.∩..+##### #≈○....#
##≈....# ###.###


You could see an efreet and 3 fire elementals.

Vanquished Creatures
  A frost giant (IceCv)
  Harold (Lair:1)
  A hydra (D:11)
  Erolcha (D:10)
  2 two-headed ogres
  12 death yaks
  A deep elf archer (D:10)
  3 manticores
  An ugly thing (D:11)
  An ice statue (IceCv)
  A spiny frog (Lair:1)
  An efreet (Volcano)
  2 komodo dragons
  A troll (D:11)
  16 polar bears
  Prince Ribbit (D:8)
  3 hippogriffs
  3 blink frogs (Lair:2)
  A vampire (D:11)
  13 yaks (IceCv)
  A steam dragon (D:9)
  A hungry ghost (D:7)
  2 fire elementals (Volcano)
  A soldier ant (D:11)
  A warg (Lair:1)
  5 porcupines
  3 water moccasins
  2 hell hounds (Lair:2)
  An orc warrior (D:10)
  5 ice beasts
  2 sky beasts
  3 phantoms
  A black bear (D:9)
  A hornet zombie (D:9)
  3 necrophages
  5 ogres
  33 wolves
  5 centaurs
  3 crocodiles
  2 big kobolds
  9 bullfrogs
  A wyvern skeleton (D:11)
  5 scorpions
  5 killer bees (D:10)
  15 wights
  3 howler monkeys (D:9)
  3 crimson imps
  2 centaur zombies
  A quasit (D:7)
  A centaur skeleton (D:7)
  11 hounds
  14 orc wizards
  3 orc priests
  A bullfrog skeleton (D:10)
  A jelly (D:11)
  4 iguanas
  4 worker ants
  2 hound zombies
  A worker ant zombie (D:10)
  8 adders
  A river rat (D:4)
  A shadow imp (D:9)
  12 white imps (D:11)
  An adder zombie (D:8)
  A worm (D:3)
  3 dart slugs
  8 leopard geckos
  38 orcs
  A ball python (D:4)
  13 giant cockroaches
  3 goblins
  5 hobgoblins
  7 jackals
  7 quokkas
  4 bats
  5 frilled lizards
  3 jackal skeletons
  13 kobolds
  A quokka zombie (D:7)
  15 rats
382 creatures vanquished.

Vanquished Creatures (others)
  2 fungi (Lair:2)
  4 plants (Lair:2)
6 creatures vanquished.

Grand Total: 388 creatures vanquished

Notes
Turn   | Place    | Note
-------+----------+-------------------------------------------
     0 | D:1      | Froggeryz the Gargoyle Monk began the quest for the Orb.
     0 | D:1      | Reached XP level 1. HP: 14/14 MP: 1/1
     2 | D:1      | Noticed a vine stalker
     2 | D:1      | Noticed a troll
     4 | D:1      | Noticed a demonspawn
     6 | D:1      | Noticed a spriggan
     6 | D:1      | Noticed an octopode
     8 | D:1      | Noticed an ogre
     8 | D:1      | Noticed a halfling
    10 | D:1      | Noticed a formicid
    10 | D:1      | Noticed a minotaur
    12 | D:1      | Noticed a tengu
    12 | D:1      | Noticed a centaur
    14 | D:1      | Noticed a dwarf
    14 | D:1      | Noticed a merfolk
    16 | D:1      | Noticed a human
    16 | D:1      | Noticed a naga
    18 | D:1      | Noticed a vampire
    18 | D:1      | Noticed a gargoyle
    20 | D:1      | Noticed a draconian
    22 | D:1      | Noticed a felid
    24 | D:1      | Noticed a demigod
    26 | D:1      | Noticed a ghoul
    26 | D:1      | Noticed an elf
   182 | D:1      | Reached XP level 2. HP: 19/19 MP: 2/2
   347 | D:1      | Reached skill level 4 in Maces & Flails
   553 | D:1      | Reached XP level 3. HP: 17/23 MP: 3/3
  1408 | D:2      | Reached XP level 4. HP: 24/28 MP: 4/4
  1910 | D:3      | Reached skill level 5 in Maces & Flails
  2286 | D:3      | Reached XP level 5. HP: 28/32 MP: 5/5
  2855 | D:4      | Reached skill level 6 in Maces & Flails
  2997 | D:4      | Found the +4 skin of Zhor {Hibernate rC+++ SInv}
  3121 | D:4      | Reached XP level 6. HP: 28/37 MP: 6/6
  3240 | D:4      | Reached skill level 7 in Maces & Flails
  3421 | D:4      | Noticed a phantom
  3422 | D:4      | Noticed a phantom
  3427 | D:4      | Found a glowing drain.
  3437 | Sewer    | Entered a sewer
  3572 | Sewer    | Reached XP level 7. HP: 41/41 MP: 7/7
  3596 | Sewer    | Reached skill level 8 in Maces & Flails
  3616 | Sewer    | Found a white marble altar of Elyvilon.
  4147 | D:4      | Reached skill level 9 in Maces & Flails
  4242 | D:5      | Entered Level 5 of the Dungeon
  4334 | D:5      | Reached XP level 8. HP: 42/46 MP: 8/8
  4365 | D:5      | Got a pitted leather armour
  4366 | D:5      | Identified the +2 leather armour "Ados" {rElec rF+} (You
                  | found it on level 5 of the Dungeon)
  4391 | D:5      | Found Godwole's General Store.
  4401 | D:5      | Bought a scroll of teleportation for 36 gold pieces
  4916 | D:5      | Reached skill level 10 in Maces & Flails
  5732 | D:7      | Found a basalt altar of Yredelemnul.
  5760 | D:7      | Noticed a hippogriff
  5775 | D:7      | Killed a hippogriff
  5785 | D:7      | Reached skill level 11 in Maces & Flails
  5892 | D:7      | Reached XP level 9. HP: 27/51 MP: 9/9
  6209 | D:7      | Reached skill level 12 in Maces & Flails
  6339 | D:7      | Found a staircase to the Ecumenical Temple.
  6346 | Temple   | Entered the Ecumenical Temple
  6370 | Temple   | Became a worshipper of Warmaster Okawaru
  6370 | Temple   | Reached * piety under Okawaru
  6370 | Temple   | Reached ** piety under Okawaru
  6909 | D:8      | Noticed Prince Ribbit
  6922 | D:8      | Killed Prince Ribbit
  6922 | D:8      | Reached skill level 13 in Maces & Flails
  7269 | D:8      | Found a white marble altar of Elyvilon.
  7284 | D:8      | Reached *** piety under Okawaru
  7284 | D:8      | Reached XP level 10. HP: 49/56 MP: 10/10
  7433 | D:9      | Found Ytysoix's Assorted Antiques.
  7528 | D:9      | Bought a viscous dark potion for 26 gold pieces
  7528 | D:9      | Bought an amethyst potion for 26 gold pieces
  7528 | D:9      | Bought a fuming red potion for 26 gold pieces
  7538 | D:9      | Reached skill level 14 in Maces & Flails
  7692 | D:9      | Noticed a two-headed ogre
  7704 | D:9      | Killed a two-headed ogre
  7704 | D:9      | Reached **** piety under Okawaru
  8393 | D:9      | Reached skill level 15 in Maces & Flails
  8597 | D:10     | Entered Level 10 of the Dungeon
  8646 | D:10     | Noticed Erolcha
  8656 | D:10     | Killed Erolcha
  8805 | D:10     | Reached ***** piety under Okawaru
  8864 | D:10     | Reached XP level 11. HP: 54/60 MP: 11/11
  9083 | D:10     | Noticed a deep elf archer
  9096 | D:10     | Killed a deep elf archer
  9096 | D:10     | Reached skill level 16 in Maces & Flails
  9158 | D:10     | Noticed a manticore
  9213 | D:10     | Killed a manticore
  9346 | D:10     | Found a shimmering blue altar of Sif Muna.
  9554 | D:11     | Found a frozen archway.
  9555 | D:11     | Noticed a manticore
  9577 | D:11     | Killed a manticore
  9622 | D:11     | Noticed a death yak
  9622 | D:11     | Noticed a death yak
  9623 | D:11     | Noticed a death yak
  9623 | D:11     | Noticed a death yak
  9623 | D:11     | Noticed a death yak
  9624 | D:11     | Noticed a death yak
  9625 | IceCv    | Entered an ice cave
 10130 | IceCv    | Received a gift from Okawaru
 10176 | IceCv    | Noticed a death yak
 10203 | IceCv    | Killed a death yak
 10203 | IceCv    | Reached skill level 17 in Maces & Flails
 10540 | IceCv    | Reached XP level 12. HP: 15/64 MP: 12/12
 10934 | IceCv    | Reached skill level 18 in Maces & Flails
 10950 | IceCv    | Noticed a death yak
 10956 | IceCv    | Received a gift from Okawaru
 10961 | IceCv    | Reached skill level 1 in Armour
 10973 | IceCv    | Reached ****** piety under Okawaru
 10976 | IceCv    | Killed a death yak
 11163 | IceCv    | Noticed a frost giant
 11163 | IceCv    | Noticed a death yak
 11176 | IceCv    | Reached skill level 5 in Fighting
 11211 | IceCv    | Killed a death yak
 11403 | IceCv    | Killed a frost giant
 11403 | IceCv    | Received a gift from Okawaru
 11403 | IceCv    | Reached skill level 5 in Armour
 11734 | D:11     | Noticed a death yak
 11734 | D:11     | Noticed a death yak
 11767 | D:10     | Killed a death yak
 11780 | D:10     | Killed a death yak
 12025 | D:10     | Killed a death yak
 12210 | D:10     | Killed a death yak
 12216 | D:10     | Killed a death yak
 12216 | D:10     | Received a gift from Okawaru
 12278 | D:11     | Noticed a death yak
 12288 | D:10     | Killed a death yak
 12288 | D:10     | Reached XP level 13. HP: 50/78 MP: 13/13
 12743 | D:11     | Found a staircase to the Lair.
 13589 | Lair:1   | Entered Level 1 of the Lair of Beasts
 13906 | Lair:1   | Noticed Harold
 13954 | Lair:1   | Killed Harold
 13954 | Lair:1   | Received a gift from Okawaru
 13956 | Lair:1   | Reached skill level 10 in Fighting
 14708 | Lair:2   | Found a sacrificial altar of Ru.
 14819 | Lair:2   | Found a staircase to the Snake Pit.
 15079 | Lair:2   | Found a dark tunnel.
 15085 | Volcano  | Entered a volcano
 15096 | Volcano  | Reached skill level 5 in Dodging
 15128 | Volcano  | HP: 4/83 [fire elemental (1)]
 15128 | Volcano  | Slain by a fire elemental

Levels and vault maps discovered:
D:1:      kb_arrival_jail, layout_basic, minmay_worlds_worst_comb
D:2:      layout_basic, st_stairs_6, minmay_liquid_box, kennysheep_doodads
D:3:      layout_loops_corners, kennysheep_another_room
D:4:      layout_basic, portal_sewer_entry_a, grunt_tough_drop
D:5:      layout_loops_ring, serial_shops, shop_coins, first_ration
D:6:      layout_rooms
D:7:      layout_cave_pools, minmay_temple_entry_proselytizer, basic_altar
D:8:      layout_rooms, elyvilon_altar_3, grunt_ogre_cave, uniq_prince_ribbit1
D:9:      layout_roguey, serial_shops, nicolae_shop_trees
D:10:     layout_roguey, basic_altar, kennysheep_just_a_vault, uniq_erolcha
D:11:     layout_irregular_city, dpeg_lair_monsters, portal_ice_cave_entry_imps
Temple:   regret_index_temple_sigil_plot
Lair:1:   beast_lair_carwin_large_4, layout_cave_pods,
          chequers_serial_rivers_micro_c, serial_bayou_shore_b,
          grunt_megastairs_4, uniq_harold
Lair:2:   layout_concentric_octagons, dummy_snake_entry, basic_altar,
          enter_volcano_3, infiniplex_staircase_pool_2,
          minmay_lair_oklob_chamber
Volcano:  volcano_aerie

Skill      XL: |  1  2  3  4  5  6  7  8  9 10 11 12 13 |
---------------+----------------------------------------+-----
Maces & Flails | 4 5 6 7 9 11 13 15 17 18 | 18.0
Armour         | 7 8 |  8.1
Fighting       | 8 10 | 10.5
Dodging        | 5 |  5.1
Stealth        | |  2.1

Action                   |  1- 3 |  4- 6 |  7- 9 | 10-12 | 13-15 || total
-------------------------+-------+-------+-------+-------+-------++-------
Melee: Mace              |   136 |   251 |   110 |       |       ||   497
       Flail             |       |       |   261 |   356 |   236 ||   853
       Great mace        |       |       |       |   265 |    33 ||   298
Throw: Dart              |       |       |    21 |     7 |     8 ||    36
Invok: Heroism           |       |       |       |     1 |       ||     1
Evoke: Wand              |       |       |       |     4 |     4 ||     8
  Use: Potion            |       |     1 |       |    14 |     7 ||    22
       Scroll            |       |     4 |     3 |    11 |     2 ||    20
 Stab: Sleeping          |     2 |     4 |    12 |     6 |     1 ||    25
       Distracted        |       |     1 |     1 |     1 |       ||     3
       Paralysed         |       |       |       |       |     4 ||     4
  Eat: Chunk             |     2 |     7 |    25 |    15 |    10 ||    59
Armor: Robe              |     3 |       |       |       |       ||     3
       Chain mail        |    71 |       |       |       |       ||    71
       Ring mail         |    27 |    52 |       |       |       ||    79
       Animal skin       |       |    48 |   132 |   265 |    89 ||   534
Dodge: Dodged            |    94 |   190 |   191 |   320 |   107 ||   902
